AoeStats
← powerkek

African Clearing

506165972Analyzed
4v4 RM · 19d ago on Sep 12, 2026· 36m 37s· 8 players
Game mode
Random Map
Map size
Large (8 player)
Population
200
Speed
Normal
Resources
Standard
Victory
Conquest
Starting age
Dark Age
Ending age
Imperial Age
RankedLock teamsTeams togetherTeam positionsShared explorationLock speedFull tech treeHidden civsTurbo modeCheats
Victory
Defeat
🇸🇰 Hindustanis · Slovakia
1053
+14
🇸🇰 Berbers · Slovakia
1024
+15
🇦🇷 Khmer · Argentina
940
+18
🇦🇷 Hindustanis · Argentina
937
+19
🇨🇳 Japanese · China
1001
-17
🇯🇵 Britons · Japan
1000
-51
🇹🇼 Wu · Taiwan
992
-19
🇨🇳 Franks · China
986
-16
Mr.Young
arezzo
7:59 Loom
12:59 Loom
15:05 Feudal Age
18:52 Horse Collar
23:46 Castle Age
22:06 Fletching
23:18 Stone Mining
23:49 Pikeman
24:32 Squires
27:03 Double-Bit Axe
29:18 Bodkin Arrow
30:55 Forging
36:49 Stone Shaft Mining
36:08 Gold Mining
juno
3:42 Loom
18:25 Feudal Age
18:54 Town Watch
19:44 Wheelbarrow
20:27 Stone Mining
21:15 Horse Collar
22:23 Gold Mining
24:14 Double-Bit Axe
29:55 Arson
29:31 Man-at-Arms
30:16 Scale Mail Armor
30:26 Forging
30:26 Scale Barding Armor
PacificKempeitai
7:13 Loom
12:33 Loom
15:14 Feudal Age
17:56 Double-Bit Axe
23:56 Castle Age
23:31 Man-at-Arms
24:27 Forging
24:39 Fletching
25:33 Wheelbarrow
26:24 Fishing Lines
26:23 Long Swordsman
27:56 Long Swordsman
29:42 Husbandry
30:26 Gillnets
30:52 Bow Saw
32:01 Hand Cart
31:31 Town Watch
36:54 Imperial Age
34:22 Bodkin Arrow
GUISO DE LENTEJAS
15:05 Feudal Age
16:50 Double-Bit Axe
21:03 Castle Age
21:26 Fishing Lines
22:38 Bow Saw
25:36 Gillnets
25:50 Gillnets
28:30 Wheelbarrow
27:41 Loom
30:40 Horse Collar
33:38 Heavy Plow
35:31 Hand Cart
35:38 Bloodlines
35:58 Light Cavalry
36:50 Scale Barding Armor
39:31 Imperial Age
MaSSH5677
17:02 Feudal Age
18:09 Horse Collar
20:08 Double-Bit Axe
22:52 Castle Age
26:07 Bow Saw
27:11 Gold Mining
27:42 Heavy Plow
29:10 Stone Mining
29:57 Gold Shaft Mining
30:52 Bloodlines
30:55 Scale Barding Armor
31:01 Forging
31:25 Husbandry
33:13 Chain Barding Armor
33:28 Iron Casting
34:51 Stone Shaft Mining
37:12 Imperial Age
powerkek
13:17 Feudal Age
12:30 Loom
15:04 Wheelbarrow
14:28 Double-Bit Axe
20:28 Castle Age
19:31 Bloodlines
20:48 Forging
20:42 Light Cavalry
22:10 Husbandry
29:39 Imperial Age
33:12 Chemistry
34:17 Ballistics
34:13 Masonry
Iraqi Fairy Queen
Connection lost

Rejoining the realm…

Still unreachable

The connection could not be restored.

Session expired

The server has moved on; the page needs a fresh start.